SAAA
TREMONT DOUBLEDAYS @ AUSTIN CAPITOLS
08/14/2018
 
TOP OF THE 1ST
Tremont Doubledays batting - Pitching for Austin Capitols : LHP Jim Unknown
Pitching: LHP Jim Unknown
Batting: RHB Claudio Mendoza 0-0: Called Strike
0-1: Foul Ball, location: 2F
0-2: Foul Ball, location: 2F
0-2: Strikes out swinging
Batting: RHB José Romero 0-0: Called Strike
0-1: Foul Ball, location: 2F
0-2: SOLO HOME RUN (Line Drive, 8LXD), Distance : 465 ft
Batting: RHB Roy Clay 0-0: Ball
1-0: Ground out 6-3 (Groundball, 6)
Batting: RHB Steven Poe 0-0: Ball
1-0: Called Strike
1-1: Called Strike
1-2: Foul Ball, location: 2F
1-2: Ball
2-2: Strikes out swinging
Top of the 1st over - 1 run(s), 1 hit(s), 0 error(s), 0 left on base; Tremont 1 - Austin 0
BOTTOM OF THE 1ST
Austin Capitols batting - Pitching for Tremont Doubledays : RHP Ernest Gunter
Pitching: RHP Ernest Gunter
Batting: RHB Jim Unknown 0-0: Called Strike
0-1: Ball
1-1: Ball
2-1: Swinging Strike
2-2: Ball
3-2: Strikes out swinging
Batting: RHB Jim Unknown 0-0: Foul Ball, location: 2F
0-1: Swinging Strike
0-2: Ball
1-2: Strikes out swinging
Batting: LHB Jim Unknown 0-0: Ball
1-0: Called Strike
1-1: Ground out 4-3 (Groundball, 4M)
Bottom of the 1st over - 0 run(s), 0 hit(s), 0 error(s), 0 left on base; Tremont 1 - Austin 0
TOP OF THE 2ND
Tremont Doubledays batting - Pitching for Austin Capitols : LHP Jim Unknown
Batting: RHB Floyd Banks 0-0: Called Strike
0-1: Swinging Strike
0-2: Strikes out looking
Batting: RHB Hank Wilder 0-0: Ball
1-0: Ball
2-0: Ball
3-0: Base on Balls
Batting: SHB Todd Hill 0-0: Called Strike
0-1: Ground out 4-3 (Groundball, 4M)
Hank Wilder to second
Batting: RHB Bryan Wilson 0-0: Called Strike
0-1: Ground out 4-3 (Groundball, 4)
Top of the 2nd over - 0 run(s), 0 hit(s), 0 error(s), 1 left on base; Tremont 1 - Austin 0
BOTTOM OF THE 2ND
Austin Capitols batting - Pitching for Tremont Doubledays : RHP Ernest Gunter
Batting: RHB Jim Unknown 0-0: Ground out 4-3 (Groundball, 4)
Batting: LHB Jim Unknown 0-0: Fly out, F8 (Flyball, 8RS)
Batting: LHB Jim Unknown 0-0: Ball
1-0: Ball
2-0: Called Strike
2-1: Foul Ball, location: 2F
2-2: Strikes out swinging
Bottom of the 2nd over - 0 run(s), 0 hit(s), 0 error(s), 0 left on base; Tremont 1 - Austin 0
TOP OF THE 3RD
Tremont Doubledays batting - Pitching for Austin Capitols : LHP Jim Unknown
Batting: LHB Zachary Pullen 0-0: Ball
1-0: Swinging Strike
1-1: Fly out, F8 (Flyball, 8LXD)
Batting: RHB Claudio Mendoza 0-0: Ball
1-0: SINGLE (Flyball, 7S)
Batting: RHB José Romero 0-0: Fly out, F7 (Flyball, 78M)
Batting: RHB Roy Clay 0-0: Ball
1-0: Ball
2-0: Ball
3-0: Called Strike
3-1: DOUBLE (Flyball, 7D)
Claudio Mendoza to third
Runner from 3rd tries for Home, SAFE, no throw or cutoff
Batting: RHB Steven Poe 0-0: Fly out, F8 (Line Drive, 8LD)
Top of the 3rd over - 1 run(s), 2 hit(s), 0 error(s), 1 left on base; Tremont 2 - Austin 0
BOTTOM OF THE 3RD
Austin Capitols batting - Pitching for Tremont Doubledays : RHP Ernest Gunter
Batting: RHB Jim Unknown 0-0: Ball
1-0: Ball
2-0: Foul Ball, location: 2F
2-1: SINGLE (Line Drive, 9LS)
Batting: SHB Jim Unknown 0-0: Called Strike
0-1: Called Strike
0-2: Ball
Wild Pitch!
Jim Unknown to second
1-2: Foul Ball, location: 2F
1-2: Ball
2-2: Foul Ball, location: 2F
2-2: Strikes out swinging
Batting: LHB Jim Unknown 0-0: Called Strike
0-1: Ball
1-1: Ball
2-1: Swinging Strike
2-2: Strikes out swinging
Batting: RHB Jim Unknown 0-0: Ground out 4-3 (Groundball, 4M)
Bottom of the 3rd over - 0 run(s), 1 hit(s), 0 error(s), 1 left on base; Tremont 2 - Austin 0
TOP OF THE 4TH
Tremont Doubledays batting - Pitching for Austin Capitols : LHP Jim Unknown
Batting: RHB Floyd Banks 0-0: Foul Ball, location: 2F
0-1: SINGLE (Flyball, 8RS)
Batting: RHB Hank Wilder 0-0: Foul Ball, location: 2F
0-1: Foul Ball, location: 2F
0-2: Ball
Floyd Banks steals 2nd base
1-2: Ball
2-2: Strikes out swinging
Batting: SHB Todd Hill 0-0: Ball
1-0: Reached on error, E5 (Groundball, 5S)
Floyd Banks scores
Batting: RHB Bryan Wilson 0-0: Ball
1-0: Fly out, F8 (Line Drive, 8LM)
Batting: LHB Zachary Pullen 0-0: Called Strike
0-1: Called Strike
0-2: Ball
1-2: Strikes out swinging
Top of the 4th over - 1 run(s), 1 hit(s), 1 error(s), 1 left on base; Tremont 3 - Austin 0
BOTTOM OF THE 4TH
Austin Capitols batting - Pitching for Tremont Doubledays : RHP Ernest Gunter
Batting: RHB Jim Unknown 0-0: SINGLE (Groundball, 4MS)
Batting: LHB Jim Unknown 0-0: Ball
1-0: Called Strike
1-1: Foul Ball, location: 2F
1-2: Foul Ball, location: 2F
1-2: Ball
2-2: Strikes out looking
Batting: RHB Jim Unknown 0-0: Ball
1-0: Ball
2-0: Called Strike
2-1: Ball
3-1: Base on Balls
Jim Unknown to second
Batting: LHB Jim Unknown 0-0: Fly out, F7 (Line Drive, 7M)
Batting: LHB Jim Unknown 0-0: Called Strike
0-1: Ball
1-1: Foul Ball, location: 2F
1-2: Fielders Choice at 2nd, 6-4 (Groundball, 6)
Bottom of the 4th over - 0 run(s), 1 hit(s), 0 error(s), 1 left on base; Tremont 3 - Austin 0
TOP OF THE 5TH
Tremont Doubledays batting - Pitching for Austin Capitols : LHP Jim Unknown
Batting: RHB Claudio Mendoza 0-0: Fly out, F9 (Flyball, 9M)
Batting: RHB José Romero 0-0: SINGLE (Line Drive, 89S)
Batting: RHB Roy Clay 0-0: SINGLE (Groundball, 56)
José Romero to second
Batting: RHB Steven Poe 0-0: Swinging Strike
0-1: Swinging Strike
0-2: Ball
1-2: Fly out, F8 (Flyball, 8RM)
Batting: RHB Floyd Banks 0-0: Called Strike
0-1: Ball
1-1: Foul Ball, location: 2F
1-2: Strikes out swinging
Top of the 5th over - 0 run(s), 2 hit(s), 0 error(s), 2 left on base; Tremont 3 - Austin 0
BOTTOM OF THE 5TH
Austin Capitols batting - Pitching for Tremont Doubledays : RHP Ernest Gunter
Batting: RHB Jim Unknown 0-0: Ball
1-0: Swinging Strike
1-1: Called Strike
1-2: Fly out, F9 (Flyball, 9S)
Batting: SHB Jim Unknown 0-0: Foul Ball, location: 2F
0-1: Ball
1-1: Ball
2-1: Ball
3-1: Foul Ball, location: 2F
3-2: Base on Balls
Batting: LHB Jim Unknown 0-0: Ball
1-0: Ball
2-0: Called Strike
2-1: Foul Ball, location: 2F
2-2: Foul Ball, location: 2F
2-2: DOUBLE (Line Drive, 89D)
Jim Unknown to third
Runner from 3rd tries for Home, SAFE, throw made home
Batting: RHB Jim Unknown 0-0: Ball
1-0: Ball
2-0: Fly out, F7 (Flyball, 7M)
Batting: RHB Jim Unknown 0-0: Called Strike
0-1: Ball
1-1: Swinging Strike
1-2: Strikes out swinging
Bottom of the 5th over - 1 run(s), 1 hit(s), 0 error(s), 1 left on base; Tremont 3 - Austin 1
TOP OF THE 6TH
Tremont Doubledays batting - Pitching for Austin Capitols : LHP Jim Unknown
Batting: RHB Hank Wilder 0-0: Called Strike
0-1: Ball
1-1: Ball
2-1: Foul Ball, location: 2F
2-2: Strikes out swinging
Batting: SHB Todd Hill 0-0: Fly out, F9 (Popup, 4D)
Batting: RHB Bryan Wilson 0-0: Ground out 6-3 (Groundball, 6)
Top of the 6th over - 0 run(s), 0 hit(s), 0 error(s), 0 left on base; Tremont 3 - Austin 1
BOTTOM OF THE 6TH
Austin Capitols batting - Pitching for Tremont Doubledays : RHP Ernest Gunter
Batting: LHB Jim Unknown 0-0: Ball
1-0: Called Strike
1-1: Ball
2-1: Called Strike
2-2: Foul Ball, location: 2F
2-2: Foul Ball, location: 2F
2-2: Ball
3-2: Base on Balls
Batting: RHB Jim Unknown 0-0: Called Strike
Jim Unknown steals 2nd base
0-1: Foul Ball, location: 2F
0-2: Ball
1-2: Ball
2-2: Foul Ball, location: 2F
2-2: Ball
3-2: Foul Ball, location: 2F
3-2: Base on Balls
Batting: LHB Jim Unknown 0-0: Ball
1-0: Called Strike
1-1: Ball
2-1: SINGLE (Line Drive, 6D)
Jim Unknown to third
Jim Unknown to second
Pitching: LHP Jesús López
Batting: LHB Jim Unknown 0-0: Ball
1-0: DOUBLE (Groundball, 3L)
Jim Unknown scores
Jim Unknown scores
Jim Unknown to third
Batting: RHB Jim Unknown 0-0: Intentional Walk
Batting: SHB Jim Unknown 0-0: Called Strike
0-1: Swinging Strike
0-2: Ball
1-2: Strikes out swinging
Batting: LHB Jim Unknown 0-0: Ball
1-0: Ball
2-0: Foul Ball, location: 2F
2-1: SINGLE (Line Drive, 6)
Jim Unknown scores
Jim Unknown to third
Jim Unknown to second
Runner from 3rd tries for Home, throw and OUT!
Batting: RHB Jim Unknown 0-0: SINGLE (Groundball, 56D)
Jim Unknown to third
Jim Unknown to second
Runner from 3rd tries for Home, SAFE, no throw or cutoff
Batting: RHB Jim Unknown 0-0: Ball
1-0: Called Strike
1-1: Ball
2-1: Fly out, F8 (Flyball, 8RXD)
Bottom of the 6th over - 4 run(s), 4 hit(s), 0 error(s), 2 left on base; Tremont 3 - Austin 5
TOP OF THE 7TH
Tremont Doubledays batting - Pitching for Austin Capitols : LHP Jim Unknown
Batting: LHB Zachary Pullen 0-0: Ball
1-0: Called Strike
1-1: Ball
2-1: Foul Ball, location: 2F
2-2: SINGLE (Line Drive, 7S)
Batting: RHB Claudio Mendoza 0-0: Ball
1-0: Called Strike
1-1: Foul Ball, location: 2F
1-2: 2-RUN HOME RUN (Flyball, 8LXD) (Inside the Park)
Pitching: LHP Jim Unknown
Batting: RHB José Romero 0-0: Foul Ball, location: 2F
0-1: Ball
1-1: Swinging Strike
1-2: Foul Ball, location: 2F
1-2: Ball
2-2: Foul Ball, location: 2F
2-2: Ground out 6-3 (Groundball, 6)
Batting: RHB Roy Clay 0-0: SINGLE (Groundball, 6M)
Pinch Hitting: SHB Carroll Kline 0-0: Ball
1-0: Swinging Strike
1-1: Foul Ball, location: 2F
1-2: Ball
2-2: Strikes out swinging
Batting: RHB Floyd Banks 0-0: Foul Ball, location: 2F
0-1: Ball
1-1: Foul Ball, location: 2F
1-2: Foul Ball, location: 2F
1-2: Fielders Choice at 2nd, U4 (Groundball, 4M)
Top of the 7th over - 2 run(s), 3 hit(s), 0 error(s), 1 left on base; Tremont 5 - Austin 5
BOTTOM OF THE 7TH
Austin Capitols batting - Pitching for Tremont Doubledays : LHP Jesús López
Now at 1B: Carroll Kline
Batting: LHB Jim Unknown 0-0: Ball
1-0: Called Strike
1-1: Swinging Strike
1-2: Strikes out swinging
Batting: RHB Jim Unknown 0-0: Ground out 4-3 (Groundball, 4M)
Batting: LHB Jim Unknown 0-0: Ground out 3-1 (Groundball, 3L)
Bottom of the 7th over - 0 run(s), 0 hit(s), 0 error(s), 0 left on base; Tremont 5 - Austin 5
TOP OF THE 8TH
Tremont Doubledays batting - Pitching for Austin Capitols : LHP Jim Unknown
Batting: RHB Hank Wilder 0-0: Called Strike
0-1: Ball
1-1: Ball
2-1: Fly out, F4 (Popup, 4D)
Pinch Hitting: LHB Jarred Smith 0-0: Ball
1-0: Ground out 4-3 (Groundball, 4M)
Batting: RHB Bryan Wilson 0-0: Ball
1-0: Ball
2-0: Foul Ball, location: 2F
2-1: Called Strike
2-2: Ball
3-2: Base on Balls
Pinch Hitting: LHB Dave Lee 0-0: Ball
Bryan Wilson is caught stealing 2nd base
Top of the 8th over - 0 run(s), 0 hit(s), 0 error(s), 0 left on base; Tremont 5 - Austin 5
BOTTOM OF THE 8TH
Austin Capitols batting - Pitching for Tremont Doubledays : LHP Jesús López
Now at 1B: Jarred Smith
Now in LF: Manny Rodríguez
Batting: LHB Jim Unknown 0-0: Called Strike
0-1: Foul Ball, location: 2F
0-2: Strikes out swinging
Pitching: LHP Stanley Harris
Batting: RHB Jim Unknown 0-0: Foul Ball, location: 2F
0-1: Called Strike
0-2: Fly out, F9 (Flyball, 9M)
Batting: SHB Jim Unknown 0-0: Called Strike
0-1: Ball
1-1: Foul Ball, location: 2F
1-2: Ball
2-2: SOLO HOME RUN (Flyball, 78XD), Distance : 465 ft
Batting: LHB Jim Unknown 0-0: Ball
1-0: Swinging Strike
1-1: Ball
2-1: Foul Ball, location: 2F
2-2: Strikes out swinging
Bottom of the 8th over - 1 run(s), 1 hit(s), 0 error(s), 0 left on base; Tremont 5 - Austin 6
TOP OF THE 9TH
Tremont Doubledays batting - Pitching for Austin Capitols : LHP Jim Unknown
Pitching: RHP Jim Unknown
Pinch Hitting: SHB Ramón Morales 0-0: Called Strike
0-1: Swinging Strike
0-2: Foul Ball, location: 2F
0-2: Strikes out swinging
Pinch Hitting: LHB Jim Unknown 0-0: Called Strike
0-1: Ball
1-1: Ball
2-1: Ball
3-1: Swinging Strike
3-2: Strikes out looking
Batting: RHB José Romero 0-0: Ball
1-0: Ball
2-0: Ball
3-0: Base on Balls
Batting: RHB Roy Clay 0-0: Called Strike
0-1: Foul Ball, location: 2F
0-2: SINGLE (Line Drive, 6M)
José Romero to second
Batting: SHB Carroll Kline 0-0: Called Strike
0-1: DOUBLE (Line Drive, 7LM)
José Romero scores
Roy Clay to third
Batting: RHB Floyd Banks 0-0: Called Strike
0-1: Swinging Strike
0-2: Strikes out swinging
Top of the 9th over - 1 run(s), 2 hit(s), 0 error(s), 2 left on base; Tremont 6 - Austin 6
BOTTOM OF THE 9TH
Austin Capitols batting - Pitching for Tremont Doubledays : LHP Stanley Harris
Pitching: RHP Ramón Lara
Now in LF: Colm Neal
Now in RF: Jim Unknown
Pinch Hitting: LHB Jim Unknown 0-0: Ground out 4-3 (Groundball, 4M)
Batting: RHB Jim Unknown 0-0: Called Strike
0-1: Foul Ball, location: 2F
0-2: Foul Ball, location: 2F
0-2: Strikes out looking
Batting: LHB Jim Unknown 0-0: Foul Ball, location: 2F
0-1: Ball
1-1: Foul Ball, location: 2F
1-2: Fly out, F7 (Flyball, 7M)
Bottom of the 9th over - 0 run(s), 0 hit(s), 0 error(s), 0 left on base; Tremont 6 - Austin 6
TOP OF THE 10TH
Tremont Doubledays batting - Pitching for Austin Capitols : RHP Jim Unknown
Now at 2B: Jim Unknown
Batting: RHB Hank Wilder 0-0: Ground out 6-3 (Groundball, 6)
Batting: LHB Jarred Smith 0-0: Swinging Strike
0-1: Ball
1-1: Fly out, F6 (Popup, 6)
Batting: RHB Bryan Wilson 0-0: Called Strike
0-1: Ball
1-1: Foul Ball, location: 2F
1-2: Foul Ball, location: 2F
1-2: Foul Ball, location: 2F
1-2: Strikes out swinging
Top of the 10th over - 0 run(s), 0 hit(s), 0 error(s), 0 left on base; Tremont 6 - Austin 6
BOTTOM OF THE 10TH
Austin Capitols batting - Pitching for Tremont Doubledays : RHP Ramón Lara
Batting: RHB Jim Unknown 0-0: Ball
1-0: Foul Ball, location: 2F
1-1: Ball
2-1: Ball
3-1: DOUBLE (Line Drive, 7LS)
Batting: LHB Jim Unknown 0-0: Ball
1-0: SINGLE (Groundball, 3D)
Jim Unknown to third
Batting: LHB Jim Unknown 0-0: Ball
1-0: Swinging Strike
1-1: Ground out 4-3 (Groundball, 4)
Jim Unknown to second
Batting: RHB Jim Unknown 0-0: Intentional Walk
Batting: SHB Jim Unknown 0-0: Ball
1-0: Ball
2-0: Ball
3-0: Foul Ball, location: 2F
3-1: Base on Balls
Jim Unknown scores
Jim Unknown to third
Jim Unknown to second
This league is powered by Out of the Park Baseball, the baseball management simulation game for PC, Mac and Linux
Monday, May 4th, 2015 - OOTP Baseball 15.6 Build 34